 Dungeon Crawl Stone Soup version 0.26.0-10-g1f06aea511 (webtiles) character file.

Game seed: 18372344699068051205

94873 Amaterasu the Bludgeoner (level 15, 0/226 HPs)
             Began as a Deep Dwarf Fighter on Jan 29, 2021.
             Was the Champion of Makhleb.
             Slain by a warg (6 damage)
             ... on level 2 of the Orcish Mines.
             The game lasted 00:41:27 (17992 turns).

Amaterasu the Bludgeoner (Deep Dwarf Fighter)      Turns: 17992, Time: 00:41:27

Health: 0/226      AC: 25    Str: 29    XL:     15   Next: 64%
Magic:  20/20      EV:  8    Int: 10    God:    Makhleb [******]
Gold:   2077       SH: 23    Dex: 11    Spells: 14/14 levels left

rFire    + . .     SeeInvis .   j - +3 flail (vorpal)
rCold    + . .     Faith    .   c - +5 kite shield of Past Mistakes {Rampage Dex+4}
rNeg     + + +     Spirit   .   d - +4 chain mail {Will+}
rPois    .         Reflect  +   u - +0 helmet
rElec    +         Harm     .   q - +0 cloak of the Moon Troll {Str+4}
rCorr    .         Rampage  +   A - +1 pair of gloves
Will     +++..                  i - +2 pair of boots
Stlth    ..........             M - amulet of Jinad {Reflect rElec rN+++ Dex-5 Slay+2 SH+5}
HPRegen  0.00/turn              W - ring of protection from cold
MPRegen  0.17/turn              Z - ring of Qetoll {rF+ Slay+6 Stlth+}

@: mighty, berserking (expiring), non-regenerating, very quick
A: damage resistance, heal wounds, negative energy resistance 1, sense
surroundings 2, no regeneration
a: Heal Wounds, Renounce Religion, Minor Destruction, Lesser Servant of Makhleb,
Major Destruction, Greater Servant of Makhleb


You were on level 2 of the Orcish Mines.
You worshipped Makhleb.
Makhleb was exalted by your worship.
You visited 3 branches of the dungeon, and saw 23 of its levels.
You also visited: Gauntlet.

You collected 2077 gold pieces.

Inventory:

Hand Weapons
 j - a +3 vorpal flail (weapon)
 E - a +1 morningstar of freezing
Armour
 c - the +5 kite shield of Past Mistakes (worn) {Rampage Dex+4}
   (You found it on level 14 of the Dungeon)

   It affects your dexterity (+4).
   It bestows one free step when moving towards enemies.
 d - a +4 chain mail of willpower (worn)
 i - a +2 pair of boots (worn)
 q - the +0 cloak of the Moon Troll (worn) {Str+4}
   (You found it on level 5 of the Dungeon)

   It affects your strength (+4).
 u - a +0 helmet (worn)
 A - a +1 pair of gloves (worn)
Jewellery
 m - an uncursed ring of willpower
 w - an uncursed ring of poison resistance
 x - an uncursed ring of resist corrosion
 L - a +4 ring of protection
 M - the amulet of Jinad (around neck) {Reflect rElec rN+++ Dex-5 Slay+2 SH+5}
   (You acquired it on level 12 of the Dungeon)

   [amulet of reflection]

   It shields you and reflects attacks.
   It affects your dexterity (-5).
   It affects your accuracy and damage with ranged weapons and melee attacks
   (+2).
   It insulates you from electricity.
   It renders you almost immune to negative energy.
   It affects your SH (+5).
 N - a +4 ring of evasion
 V - an uncursed amulet of the acrobat
 W - a ring of protection from cold (left hand)
 Z - the ring of Qetoll (right hand) {rF+ Slay+6 Stlth+}
   (You found it on level 11 of the Dungeon)

   [ring of stealth]

   It affects your accuracy and damage with ranged weapons and melee attacks
   (+6).
   It protects you from fire.
   It makes you more stealthy.
Wands
 a - a wand of flame (50)
 o - a wand of iceblast (24)
 B - a wand of enslavement (16)
 C - a wand of polymorph (23)
 D - a wand of random effects (16)
 G - a wand of digging (11)
 K - a wand of disintegration (58)
 O - a wand of paralysis (20)
 U - a wand of acid (22)
Scrolls
 f - 6 scrolls of magic mapping
 h - 8 scrolls of remove curse
 s - 6 scrolls of amnesia
 t - 2 scrolls of blinking
 y - 10 scrolls of teleportation
 z - 4 scrolls of fear
 F - 6 scrolls of enchant armour
 H - 3 scrolls of enchant weapon
Potions
 b - 2 potions of cancellation
 g - 5 potions of flight
 k - 2 potions of invisibility
 l - 5 potions of lignification
 n - 4 potions of berserk rage
 p - 3 potions of haste
 r - 7 potions of heal wounds
 v - 6 potions of brilliance
 I - 2 potions of curing
 J - a potion of magic
 P - 2 potions of resistance
 Q - a potion of mutation {unknown}
 R - a potion of experience {unknown}
 S - 3 potions of might
 T - 3 potions of attraction {unknown}
Miscellaneous
 e - a box of beasts


   Skills:
 - Level 14.0 Fighting
 * Level 16.3 Maces & Flails
 - Level 11.0 Armour
 - Level 11.0 Shields
 * Level 12.5 Invocations
 * Level 12.4 Evocations


You had 14 spell levels left.
You didn't know any spells.
Your spell library contained the following spells:

 Spells                   Type           Power        Failure   Level
 Corona                   Hex            0%           94%         1
 Magic Dart               Conj           0%           94%         1
 Searing Ray              Conj           0%           98%         2
 Slow                     Hex            0%           98%         2
 Confusing Touch          Hex            0%           100%        3
 Dazzling Flash           Conj/Hex       0%           100%        3
 Gell's Gravitas          Tloc           0%           100%        3
 Inner Flame              Hex/Fire       0%           100%        3
 Portal Projectile        Hex/Tloc       0%           100%        3
 Static Discharge         Conj/Air       0%           100%        3
 Cause Fear               Hex            0%           100%        4
 Fulminant Prism          Conj/Hex       0%           100%        4
 Iskenderun's Mystic Bla  Conj/Tloc      0%           100%        4
 Leda's Liquefaction      Hex/Erth       0%           100%        4
 Petrify                  Tmut/Erth      0%           100%        4
 Bolt of Magma            Conj/Fire/Erth 0%           100%        5
 Irradiate                Conj/Tmut      0%           100%        5
 Iskenderun's Battlesphe  Conj           0%           100%        5
 Lightning Bolt           Conj/Air       0%           100%        5
 Metabolic Englaciation   Hex/Ice        0%           100%        5
 Yara's Violent Unravell  Hex/Tmut       0%           100%        5
 Hydra Form               Tmut           0%           100%        6
 Iron Shot                Conj/Erth      0%           100%        6
 Statue Form              Tmut/Erth      0%           100%        6
 Dragon Form              Tmut           0%           100%        7
 Orb of Destruction       Conj           0%           100%        7
 Spellforged Servitor     Conj/Summ      0%           100%        7
 Chain Lightning          Conj/Air       0%           100%        8
 Ignition                 Fire           0%           100%        8
 Lehudib's Crystal Spear  Conj/Erth      0%           100%        8
 Absolute Zero            Ice            0%           100%        9
 Fire Storm               Conj/Fire      0%           100%        9
 Shatter                  Erth           0%           100%        9
 Tornado                  Air            0%           100%        9


Dungeon Overview and Level Annotations

Branches:
Dungeon (15/15)            Temple (0/1) D:4            Lair (6/6) D:8
  Swamp (0/4) Lair:3        Snake (0/4) Lair:3        Slime (0/5) Lair:5
    Orc (2/2) D:10         Vaults (0/5) D:14         Depths (0/5) D:15
Gauntlet (visited)
    Elf: Orc:2

Altars:
Dithmenos
Elyvilon
Fedhas
Kikubaaqudgha
Makhleb
Okawaru
Qazlal
Ru
Uskayaw
Vehumet
Zin
The Shining One

Shops:
D:6 ![   D:10 (   D:13 *   D:14 }(=:=   Orc:2 [

Portals:
Abyss: D:7 Lair:6

Annotations:
D:7 2 transporters, wakim's ghost, novice MiBe
Lair:5 exclusion: 7 oklob plants
Lair:6 2 transporters, kthxbai's ghost, journeyman DgCj


Innate Abilities, Weirdness & Mutations

You are resistant to damage.
You can heal yourself by infusing magical energy.
You resist negative energy. (rN+)
You passively map the area around you.
You do not regenerate.


Message History

You block the ogre's attack. x2; The ogre hits you with a +0 giant club.
* * * LOW HITPOINT WARNING * * *
You bludgeon the ogre!!
You kill the ogre!
Makhleb accepts your kill. The ogre hits you with a +0 giant club!
* * * LOW HITPOINT WARNING * * *
You block the warg's attack.
A troll comes into view.
You thump the ogre!
The ogre is severely wounded.
The ogre hits you but does no damage. You block the ogre's attack.
You sock the ogre!
You kill the ogre!
Makhleb accepts your kill.
You feel better. You block the warg's attack. You block the ogre's attack. x3
You thump the ogre!
The ogre is severely wounded.
You block the ogre's attack. x2; The warg bites you!
You die...

,................ ,
, * * ,
.........#...#..# ,*
..........#.#...# ,
,,
,.........#....$.. ,
, ,
................., *
................. ,
.......<....#...# *,
* ....$...OOO....##
* ........O@).....#
* *
........OhO......,**
* * *
................. ,
, ,
..#.............. ,
* ,.....$.........∩.
, *,
,.#.............. *
, ...#......T....,
............... ,
,*,, * , ,, ,


You could see a troll, a warg and 6 ogres.

Vanquished Creatures
  Kirke (D:13)
  Nessos (D:14)
  A dire elephant (D:15)
  A minotaur (Gauntlet)
  The ghost of Raspi the Fighter, a journeyman FoFi of Makhleb (D:13)
  A death ooze (Gauntlet)
  Snorg (Lair:6)
  A fire dragon (Lair:6)
  Erolcha (D:12)
  3 vault guards (D:14)
  8 hydras
  A boulder beetle (D:15)
  2 ogre magi (Orc:2)
  4 centaur warriors
  8 two-headed ogres
  Erica (D:9)
  6 death yaks (Lair:5)
  A tengu warrior (D:13)
  Urug (Lair:2)
  An unseen horror (D:14)
  A fire crab (Lair:6)
  2 deep trolls (Orc:2)
  Pikel (D:8)
  3 orc knights
  3 deep elf magi
  2 wolf spiders
  4 ugly things
  6 cyclopes
  An orc sorcerer (Orc:1)
  A manticore (D:15)
  11 elephants (Lair:5)
  Maurice (D:12)
  5 black mambas
  A centaur zombie (D:15)
  2 molten gargoyles (Lair:6)
  A gargoyle (D:13)
  11 cane toads
  Maggie (D:6)
  2 kobold demonologists (D:15)
  A torpor snail (Lair:2)
  10 komodo dragons
  6 rime drakes
  An efreet (D:15)
  A freezing wraith (D:15)
  A yaktaur (D:13)
  3 ice devils (D:13)
  A queen bee (Gauntlet)
  3 hornets (Gauntlet)
  7 trolls
  3 meliai (D:13)
  33 blink frogs
  2 polar bears (Lair:6)
  6 dream sheep
  A raiju (Gauntlet)
  16 slime creatures
  3 shadows
  4 centaur simulacra (D:13)
  22 yaks
  2 wraiths
  10 wyverns
  10 basilisks
  9 humans (D:14)
  A redback simulacrum (D:13)
  4 steam dragons
  Edmund (D:4)
  A warg (D:15)
  4 acid dragons
  4 hell hounds (Lair:6)
  16 water moccasins
  2 ice beasts
  12 orc warriors
  3 sky beasts
  5 black bears
  11 ogres
  5 phantoms
  4 centaurs
  22 wolves
  5 big kobolds
  18 bullfrogs
  A wyvern skeleton (D:14)
  4 scorpions
  11 killer bees
  15 wights
  6 howler monkeys
  An electric eel (Lair:5)
  2 lava snakes (Lair:6)
  2 bullfrog zombies (D:12)
  A quasit (D:15)
  5 jellies
  4 centaur skeletons
  6 hounds
  4 orc priests
  6 orc wizards
  3 bullfrog skeletons
  Ijyb (D:4)
  3 iguanas
  13 worker ants
  A killer bee zombie (D:7)
  A bullfrog simulacrum (D:13)
  A hound zombie (D:9)
  A worker ant zombie (D:5)
  3 gnolls (D:7)
  9 adders
  3 howler monkey skeletons
  A shadow imp (D:5)
  4 white imps
  An ufetubus (D:8)
  3 oozes
  2 adder zombies
  2 adder skeletons
  2 worms
  A dart slug (D:2)
  7 leopard geckos
  48 orcs
  5 bats
  3 giant cockroaches
  8 goblins
  8 hobgoblins
  9 jackals
  25 kobolds
  3 quokkas
  2 ball pythons
  6 frilled lizards
  A leopard gecko skeleton (D:5)
  A leopard gecko zombie (D:2)
  A quokka zombie (D:7)
  8 rats
635 creatures vanquished.

Vanquished Creatures (others)
  A deep elf high priest (D:13)
  A hydra (D:13)
  A basilisk (Lair:6)
  2 humans (D:13)
  A sky beast (D:9)
  A killer bee (D:11)
  A kobold (D:11)
  2 crawling corpses (D:13)
  17 fungi
  20 plants
  11 withered plants (Gauntlet)
58 creatures vanquished.

Grand Total: 693 creatures vanquished

Notes
Turn   | Place    | Note
-------+----------+-------------------------------------------
     0 | D:1      | Amaterasu the Deep Dwarf Fighter began the quest for the
                  | Orb.
     0 | D:1      | Reached XP level 1. HP: 20/20 MP: 1/1
   105 | D:1      | Reached XP level 2. HP: 18/27 MP: 2/2
   120 | D:1      | Reached skill level 3 in Maces & Flails
   434 | D:1      | Reached XP level 3. HP: 23/33 MP: 3/3
   871 | D:2      | Reached skill level 4 in Maces & Flails
   958 | D:2      | Found a burning altar of Makhleb.
  1024 | D:2      | Became a worshipper of Makhleb the Destroyer
  1055 | D:2      | Reached XP level 4. HP: 9/40 MP: 4/4
  1462 | D:2      | Found an iron altar of Okawaru.
  2033 | D:3      | Reached skill level 5 in Maces & Flails
  2091 | D:3      | Found a glowing golden altar of the Shining One.
  2461 | D:4      | Noticed Edmund
  2480 | D:4      | Killed Edmund
  2481 | D:4      | Reached XP level 5. HP: 21/49 MP: 4/4
  2503 | D:4      | Noticed Ijyb
  2529 | D:4      | Killed Ijyb
  2530 | D:4      | Reached XP level 6. HP: 40/56 MP: 5/5
  2537 | D:4      | You fall into a shaft and drop 3 floors!
  2613 | D:5      | Entered Level 5 of the Dungeon
  2679 | D:4      | Found a shadowy altar of Dithmenos.
  2729 | D:4      | Found a staircase to the Ecumenical Temple.
  2882 | D:4      | Reached * piety under Makhleb
  2935 | D:5      | Reached skill level 5 in Armour
  2935 | D:5      | Reached XP level 7. HP: 21/63 MP: 6/6
  2937 | D:5      | Reached skill level 5 in Shields
  2976 | D:5      | Reached skill level 5 in Fighting
  3030 | D:5      | Got a transparent cloak
  3041 | D:5      | Identified the +0 cloak of the Moon Troll {Str+4} (You
                  | found it on level 5 of the Dungeon)
  3080 | D:5      | Reached skill level 1 in Invocations
  3080 | D:5      | Reached skill level 1 in Evocations
  3417 | D:6      | Reached skill level 6 in Maces & Flails
  3417 | D:6      | Reached XP level 8. HP: 35/74 MP: 6/6
  3457 | D:6      | Found Laokoumi's Distillery.
  3604 | D:6      | Found Laixu's Antique Armour Boutique.
  3755 | D:6      | Noticed Maggie
  3775 | D:6      | Killed Maggie
  3776 | D:6      | Reached skill level 7 in Maces & Flails
  3943 | D:6      | Found a blossoming altar of Fedhas.
  3987 | D:6      | Found a stormy altar of Qazlal.
  4030 | D:6      | Found a glowing silver altar of Zin.
  4031 | D:6      | Identified a scroll of acquirement
  4031 | D:6      | Acquired a manual of Fighting
  4224 | D:7      | Reached ** piety under Makhleb
  4225 | D:7      | Reached skill level 8 in Maces & Flails
  4301 | D:7      | Noticed a toenail golem
  4322 | D:7      | Reached skill level 5 in Invocations
  4322 | D:7      | Reached skill level 5 in Evocations
  4324 | D:7      | Gained mutation: You passively map the area around you.
                  | [Deep Dwarf growth]
  4324 | D:7      | Reached XP level 9. HP: 43/81 MP: 9/9
  4426 | D:7      | Noticed wakim's ghost (novice MiBe)
  4430 | D:7      | Found a one-way gate to the infinite horrors of the Abyss.
  4430 | D:7      | Found a transporter.
  4430 | D:7      | Found a transporter.
  4441 | D:7      | Got an ancient chain mail
  4452 | D:7      | Identified the cursed +1 chain mail of the Ancient Violins
                  | {Harm rF+ Int+2 Dex+2} (You found it on level 7 of the
                  | Dungeon)
  4481 | D:7      | Noticed a green ugly thing
  5095 | D:8      | Reached *** piety under Makhleb
  5105 | D:8      | Found a staircase to the Lair.
  5114 | D:8      | Found a blossoming altar of Fedhas.
  5119 | D:8      | Found a white marble altar of Elyvilon.
  5121 | D:8      | Found an ancient bone altar of Kikubaaqudgha.
  5301 | D:8      | Found a hide-covered altar of Uskayaw.
  5387 | D:8      | Noticed Pikel
  5405 | D:8      | Killed Pikel
  5624 | D:8      | Noticed a two-headed ogre
  5631 | D:8      | Killed a two-headed ogre
  5632 | D:8      | Reached XP level 10. HP: 81/96 MP: 9/11
  5824 | D:9      | Reached skill level 9 in Maces & Flails
  5840 | D:9      | Found a radiant altar of Vehumet.
  5955 | D:9      | Noticed Erica
  5968 | D:9      | Killed Erica
  6039 | D:9      | Found a radiant altar of Vehumet.
  6096 | D:9      | Reached skill level 10 in Maces & Flails
  6119 | D:9      | Reached **** piety under Makhleb
  6492 | D:10     | Entered Level 10 of the Dungeon
  6660 | D:10     | Found Sakom's Antique Weapon Shoppe.
  6715 | D:10     | Found a staircase to the Orcish Mines.
  7100 | D:10     | Reached skill level 11 in Maces & Flails
  7399 | Lair:1   | Entered Level 1 of the Lair of Beasts
  7421 | Lair:1   | Found a gate leading to a gauntlet.
  7422 | Lair:1   | Noticed a cane toad
  7432 | Lair:1   | Killed a cane toad
  7438 | Gauntlet | Entered a Gauntlet
  7438 | Gauntlet | Found a transporter.
  7438 | Gauntlet | Found a transporter.
  7438 | Gauntlet | Found a transporter.
  7438 | Gauntlet | Noticed a reaper
  7439 | Gauntlet | Found a transporter.
  7442 | Gauntlet | Found a transporter.
  7453 | Gauntlet | Found a transporter.
  7474 | Gauntlet | Found a transporter.
  7495 | Gauntlet | Found a transporter.
  7500 | Gauntlet | Noticed a death ooze
  7512 | Gauntlet | Found a transporter.
  7520 | Gauntlet | Found a transporter.
  7539 | Gauntlet | Found a transporter.
  7580 | Gauntlet | Noticed a hell beast
  7593 | Gauntlet | Found a transporter.
  7676 | Gauntlet | Paralysed by a hornet for 3 turns
  7683 | Gauntlet | Paralysed by a hornet for 3 turns
  7693 | Gauntlet | Paralysed by a hornet for 3 turns
  7700 | Gauntlet | Reached XP level 11. HP: 34/103 MP: 13/13
  7797 | Gauntlet | Killed a death ooze
  7883 | Gauntlet | Noticed a minotaur
  7897 | Gauntlet | Killed a minotaur
  7921 | Gauntlet | Got a polished chain mail
  7932 | Gauntlet | Identified the +3 chain mail of Shielding {Dex+3} (You
                  | found it in a Gauntlet)
  8240 | Lair:1   | Reached ***** piety under Makhleb
  8588 | Lair:1   | Reached skill level 10 in Fighting
  9045 | Lair:2   | Noticed a seven-headed hydra
  9062 | Lair:2   | Killed a seven-headed hydra
  9063 | Lair:2   | Reached XP level 12. HP: 55/120 MP: 15/15
  9470 | Lair:2   | Noticed Urug
  9490 | Lair:2   | Killed Urug
  9617 | Lair:3   | Found a staircase to the Snake Pit.
  9669 | Lair:3   | Reached skill level 12 in Maces & Flails
  9865 | Lair:3   | Found a staircase to the Swamp.
 10212 | Lair:3   | Reached skill level 13 in Maces & Flails
 11060 | Lair:4   | Reached XP level 13. HP: 114/127 MP: 17/17
 11250 | Lair:4   | Reached skill level 14 in Maces & Flails
 11522 | Lair:5   | Reached skill level 10 in Evocations
 11537 | Lair:5   | Reached skill level 10 in Invocations
 11673 | Lair:5   | Found a staircase to the Slime Pits.
 11921 | Lair:5   | Found the +7 Spriggan's Knife {stab, EV+4 Stlth+}
 12282 | Lair:6   | Entered Level 6 of the Lair of Beasts
 12456 | Lair:6   | Reached ****** piety under Makhleb
 12557 | Lair:6   | Reached skill level 10 in Shields
 12623 | Lair:6   | Identified the +7 spear of Gallantry {distort, Str+4}
 12652 | Lair:6   | Noticed kthxbai's ghost (journeyman DgCj)
 12664 | Lair:6   | Found a transporter.
 12668 | Lair:6   | Found a transporter.
 12939 | Lair:6   | Noticed Snorg
 12951 | Lair:6   | Killed Snorg
 12952 | Lair:6   | Reached skill level 10 in Armour
 13115 | Lair:6   | Gained mutation: You resist negative energy. (rN+) [Deep
                  | Dwarf growth]
 13115 | Lair:6   | Reached XP level 14. HP: 126/139 MP: 19/19
 13774 | D:11     | Got a twitching brass ring
 13779 | D:11     | Identified the ring of Qetoll {rF+ Slay+6 Stlth+} (You
                  | found it on level 11 of the Dungeon)
 14113 | Lair:6   | Found a large runed translucent door.
 14224 | Lair:6   | Found a large runed translucent door.
 14739 | D:12     | Noticed Maurice
 14760 | D:12     | Killed Maurice
 14991 | D:12     | Noticed Erolcha
 14998 | D:12     | Killed Erolcha
 15049 | D:12     | Acquired the amulet of Jinad {Reflect rElec rN+++ Dex-5
                  | Slay+2 SH+5}
 15231 | D:13     | Found a runed translucent gate.
 15231 | D:13     | Found a runed translucent gate.
 15231 | D:13     | Found a runed translucent gate.
 15381 | D:13     | Noticed Kirke
 15382 | D:13     | Found Qihapp's Changing Room.
 15384 | D:13     | Noticed a sphinx
 15402 | D:13     | Killed Kirke
 15713 | D:13     | Noticed Raspi's ghost (journeyman FoFi)
 15868 | D:13     | Killed Raspi's ghost
 16085 | D:14     | Found Ecleoneu's Jewellery Boutique.
 16120 | D:14     | Found Yxkobuka's Weapon Shoppe.
 16150 | D:14     | Found Xanu's Gadget Shop.
 16189 | D:14     | Noticed Nessos
 16201 | D:14     | Killed Nessos
 16428 | D:14     | Reached XP level 15. HP: 151/151 MP: 20/20
 16460 | D:14     | Found a gate to the Vaults.
 16481 | D:14     | Got a spiked kite shield
 16492 | D:14     | Identified the +5 kite shield of Past Mistakes {Rampage
                  | Dex+4} (You found it on level 14 of the Dungeon)
 16561 | D:14     | Found a sacrificial altar of Ru.
 16580 | D:14     | Found Mutroakh's Book Emporium.
 16582 | D:14     | Found Woriasipn's Jewellery Shoppe.
 16614 | D:14     | You fall into a shaft and drop 1 floor!
 16614 | D:15     | Entered Level 15 of the Dungeon
 16983 | D:15     | Reached skill level 15 in Maces & Flails
 17251 | D:15     | Found a staircase to the Depths.
 17660 | Orc:1    | Entered Level 1 of the Orcish Mines
 17919 | Orc:2    | Entered Level 2 of the Orcish Mines
 17920 | Orc:2    | Found Xiseon's Armour Shoppe.
 17954 | Orc:2    | Reached skill level 16 in Maces & Flails
 17971 | Orc:2    | HP: 10/226 [ogre mage (2)]
 17981 | Orc:2    | HP: 11/226 [troll (1)]
 17985 | Orc:2    | HP: 1/226 [ogre/+0 giant spiked club (12)]
 17992 | Orc:2    | Slain by a warg

Illustrated notes

Levels and vault maps discovered:
D:1:      ncdulo_watergridlock, layout_basic, chequers_serial_rivers_large_a
D:2:      layout_basic, lemuel_doored_altar, minmay_stone_trees_small,
          kennysheep_okawaru_gauntlet
D:3:      layout_loops_cross, tso_oasis_becter
D:4:      layout_rooms, nicolae_overflow_crystal_walls,
          minmay_temple_entry_grid, uniq_edmund, uniq_ijyb
D:5:      layout_gridville
D:6:      layout_gridville, zin_statuary, kennysheep_mini, serial_shops, shop,
          shop, fedhas_ov_isle_minmay, uniq_maggie
D:7:      layout_loops_ring, gammafunk_ghost_abyssal_escape
D:8:      layout_loops_corners, eat_drink_and_be_merry_uskayaw,
          gammafunk_temple_overflow_forgotten, dpeg_oklobed_lair, uniq_pikel
D:9:      layout_basic, vehumet_crystals, vehumet_altar_wand_db, uniq_erica
D:10:     layout_loops_corners, orc_0_dummy, serial_shops, kennysheep_mini_moat,
          chequers_serial_rivers_micro_a
D:11:     layout_basic, serial_curves, eino_curves_03, eino_curves_02
D:12:     layout_rooms, uniq_maurice, uniq_erolcha
D:13:     layout_cave_pools, gammafunk_ghost_icy, minivault_25_ag,
          nicolae_transmutations_shop, uniq_kirke
D:14:     layout_loops_cross, ximxim_vaults_locker_room, serial_shops,
          nicolae_shop_temple_entry_statues_fountains,
          nicolae_shop_window_shopping, shop_statue, shop, shop,
          nicolae_ru_awakened_eye, uniq_nessos
D:15:     hangedman_depths_entry_try_elsewhere_first, layout_rooms,
          due_unseen_surprise
Lair:1:   layout_cave_pods, gauntlet_entry_generic
Lair:2:   layout_chaotic_city, uniq_urug
Lair:3:   layout_chaotic_city, swamp_mist, dummy_snake_entry, wad_woods_03,
          infiniplex_staircase_pool, serial_bayou_shore_b, grunt_megastairs_2
Lair:4:   layout_cave_pods
Lair:5:   layout_regular_city, minmay_slime_entry_oklob_open, st_stairs_13,
          dpeg_oklob_1, serial_bayou_shore_a
Lair:6:   cheibrodos_lair_end_hotspot, layout_regular_city,
          gammafunk_ghost_abyssal_escape, serial_bayou_shore_b, uniq_snorg
Orc:1:    layout_caves, serial_shops, nicolae_shop_statue_plus,
          nicolae_shop_waterfront, nicolae_shop_stone
Orc:2:    st_orc_open, layout_caves

Skill      XL: |  1  2  3  4  5  6  7  8  9 10 11 12 13 14 15 |
---------------+----------------------------------------------+-----
Maces & Flails | 3 4 5 6 8 11 13 14 16 | 16.3
Fighting       | 3 5 8 11 12 14 | 14.0
Armour         | 4 5 7 9 10 11 | 11.0
Shields        | 4 5 7 9 10 11 | 11.0
Invocations    | 2 5 7 8 9 11 12 | 12.5
Evocations     | 2 5 7 8 9 11 12 | 12.4

Action                   |  1- 3 |  4- 6 |  7- 9 | 10-12 | 13-15 || total
-------------------------+-------+-------+-------+-------+-------++-------
Melee: Flail             |   128 |   181 |   315 |   909 |  1354 ||  2887
 Abil: Heal Wounds       |       |     3 |     3 |       |     3 ||     9
  Use: Scroll            |     4 |     8 |     7 |    15 |     8 ||    42
       Potion            |       |       |       |     6 |     3 ||     9
Armor: Scale mail        |    45 |    47 |       |       |       ||    92
       Chain mail        |       |    51 |   177 |   432 |   645 ||  1305
       Plate armour      |       |       |       |    90 |       ||    90
Dodge: Dodged            |    36 |    61 |    71 |   376 |   476 ||  1020
Block: Kite shield       |    77 |   115 |   144 |   692 |  1196 ||  2224
       Reflection        |       |       |       |       |    23 ||    23
